 Dungeon Crawl Stone Soup version 0.19-a0-981-gaae9137 (webtiles) character file.

2986 ololoev the Spear-Bearer (level 9, 0/57 HPs)
             Began as a Merfolk Ice Elementalist on July 14, 2016.
             Was a Believer of Okawaru.
             Killed from afar by a hobgoblin (3 damage)
             ... with a wand of flame
             ... on level 7 of the Dungeon.
             The game lasted 00:25:03 (8486 turns).

ololoev the Spear-Bearer (Merfolk Ice Elementalist) Turns: 8486, Time: 00:25:04

Health: 0/57       AC:  6    Str: 11    XL:     9   Next: 83%
Magic:  16/16      EV: 13    Int: 12    God:    Okawaru [**....]
Gold:   267        SH:  0    Dex: 15    Spells: 2 memorised, 14 levels left

rFire  + . .     SeeInvis .     a - +3 trident
rCold  . . .     Gourm    .     v - +1 leather armour {rF+}
rNeg   . . .     Faith    .     (no shield)
rPois  +         Spirit   .     (helmet restricted)
rElec  .         Dismiss  .     (no cloak)
rCorr  .         Reflect  .     (no gloves)
SustAt .         Harm     .     C - +1 pair of boots
MR     .....                    (no amulet)
Stlth  ++........               (no ring)
                                D - ring of poison resistance

@: drained, not resistant to hostile enchantments, unstealthy
A: change form in water, swift swim, antennae 1, dopey 1, mutation resistance 1
a: Heroism, Renounce Religion


Innate Abilities, Weirdness & Mutations

You revert to your normal form in water.
You are very nimble and swift while swimming.
You have a pair of small antennae on your head.
You are dopey. (Int -2)
You are somewhat resistant to further mutation.

Inventory:

Hand Weapons
 a - a +3 trident (weapon)
 b - a +0 hunting sling of flaming
Missiles
 r - 160 stones (quivered)
 w - 9 sling bullets
Armour
 v - a +1 leather armour of fire resistance (worn)
 C - a +1 pair of boots (worn)
Jewellery
 D - a ring of poison resistance (left hand)
Wands
 i - a wand of acid (9/15)
Scrolls
 d - 4 scrolls of remove curse
 e - a scroll of silence {unknown}
 j - 2 scrolls of magic mapping
 k - a scroll of teleportation
 m - 2 scrolls of recharging
 n - a scroll of amnesia
 q - 2 scrolls of blinking
 u - a scroll of noise {unknown}
 x - a scroll of enchant weapon {unknown}
 y - a scroll of torment {unknown}
 A - a scroll of enchant armour {unknown}
Potions
 f - 2 potions of flight
Books
 p - a book of Frost

   Spells                             Type                      Level
   a - Freeze                         Ice                          1
   b - Throw Frost                    Conjuration/Ice              2
   c - Ozocubu's Armour               Charms/Ice                   3
   d - Throw Icicle                   Conjuration/Ice              4
   e - Summon Ice Beast               Ice/Summoning                4
Comestibles
 c - 8 bread rations
 h - 4 meat rations
 o - a beef jerky
 s - 2 slices of pizza
 E - 3 fruits


   Skills:
 * Level 9.9(9.8) Polearms
 + Level 3.8(3.7) Armour
 - Level 4.0 Dodging
 - Level 2.1 Stealth
 + Level 5.3(5.2) Spellcasting
   Level 0.7(0.6) Conjurations
 + Level 5.2(5.1) Charms
 + Level 6.5(6.4) Ice Magic
 + Level 3.5(3.4) Invocations


You had 14 spell levels left.
You knew the following spells:

 Your Spells              Type           Power        Failure   Level  Hunger
a - Freeze                Ice            ###.         1%          1    None
b - Ozocubu's Armour      Chrm/Ice       ###.....     10%         3    ###....


You were on level 7 of the Dungeon.
You worshipped Okawaru.
Okawaru was pleased with you.
You were not hungry.

You visited 1 branch of the dungeon, and saw 7 of its levels.

You collected 267 gold pieces.

#.##.#. #...... #....).
#####.. #...... #..))..
######################......
##.....#.....#........#......
#.(.........@....###.........
.....<......$....g.###
##########
.###.................# {
#................#..#
.........<........##...
..#................# ##..
...................# .
#._.#...........[.##

Notes
Turn   | Place    | Note
-------+----------+-------------------------------------------
     0 | D:1      | ololoev the Merfolk Ice Elementalist began the quest for the Orb.
     0 | D:1      | Reached XP level 1. HP: 13/13 MP: 3/3
   222 | D:1      | Reached XP level 2. HP: 19/19 MP: 3/5
   665 | D:1      | Reached XP level 3. HP: 24/24 MP: 4/6
   948 | D:2      | Learned a level 3 spell: Ozocubu's Armour
  1043 | D:1      | Reached XP level 4. HP: 28/30 MP: 0/8
  1458 | D:2      | Goblin1989: А почему не FE? :)
  1497 | D:2      | ololoev: решил табомага сделать просто
  1581 | D:2      | Goblin1989: ааа
  1581 | D:2      | ololoev: да и все FE (и не только) скатываются к табу файерштормом
  1581 | D:2      | ololoev: поднадоело
  1732 | D:1      | Reached skill level 1 in Armour
  1772 | D:2      | Reached skill level 1 in Polearms
  1772 | D:2      | Reached XP level 5. HP: 30/35 MP: 9/9
  2812 | D:3      | Reached skill level 2 in Polearms
  3239 | D:3      | Goblin1989: люблю свою работу. бабки всякие вкусняшки все время приносят ))) ягоды/шоколадки/кофе там )))
  3240 | D:3      | ololoev: это врачом?
  3249 | D:3      | Goblin1989: агась
  3292 | D:3      | Reached skill level 3 in Polearms
  3292 | D:3      | Reached skill level 1 in Charms
  3298 | D:3      | Reached XP level 6. HP: 27/41 MP: 3/10
  3794 | D:3      | Goblin1989: им главное дать высказаться какие у них невестки/зяти плохие и ты для них герой уже )))
  3825 | D:3      | ololoev: lol
  4058 | D:4      | Noticed Rainbowgamer28's ghost (amateur KoWn)
  4059 | D:4      | ololoev: ага
  4059 | D:4      | ololoev: кольцо фаера носил значит
  4059 | D:4      | Goblin1989: ?
  4059 | D:4      | ololoev: It is susceptible to cold.
  4059 | D:4      | Goblin1989: аааа
  4059 | D:4      | ololoev: ща получит колдом
  4065 | D:4      | Killed Rainbowgamer28's ghost
  4065 | D:4      | Reached skill level 4 in Polearms
  4065 | D:4      | Reached XP level 7. HP: 39/46 MP: 5/12
  4320 | D:4      | ololoev: не ну ё
  4320 | D:4      | Goblin1989: может поэтому и помер от скай биста
  4326 | D:4      | ololoev: айс быста в смысле?
  4326 | D:4      | Goblin1989: ага
  4540 | D:3      | Goblin1989: ударил и отстал?
  4547 | D:3      | Goblin1989: огр?
  4553 | D:3      | ololoev: да
  4553 | D:3      | ololoev: они медленно бьют
  4589 | D:3      | Goblin1989: меня это всегла прикалывает )))
  4622 | D:3      | Reached skill level 5 in Polearms
  4700 | D:4      | HP: 1/46 [ogre/giant spiked club (22)]
  5083 | D:4      | Found a hazy altar of Hepliaklqana.
  5102 | D:4      | Found an iron altar of Okawaru.
  5105 | D:4      | ololoev: хмм
  5105 | D:4      | ololoev: а не взять ли мне школовару
  5105 | D:4      | Goblin1989: шелпа?
  5105 | D:4      | ololoev: не, нафиг, подожду эш
  5150 | D:4      | Reached skill level 6 in Polearms
  5150 | D:4      | Reached skill level 5 in Ice Magic
  5178 | D:4      | ololoev: если до Д5 эш не найдется - пойду к оке
  5233 | D:4      | Goblin1989: будешь с шибзиком ходить, значит
  5244 | D:5      | Entered Level 5 of the Dungeon
  5269 | D:4      | Reached XP level 8. HP: 12/52 MP: 1/13
  5552 | D:4      | Goblin1989: а как ты оружие плменял в бесрерке?
  5615 | D:4      | ololoev: я не менял
  5615 | D:4      | ololoev: я с копьем уже был
  5618 | D:4      | Goblin1989: повезло значит
  5702 | D:4      | Found a burning altar of Makhleb.
  5874 | D:4      | Reached skill level 7 in Polearms
  6052 | D:5      | Noticed Blork the orc
  6081 | D:4      | Became a worshipper of Warmaster Okawaru
  6128 | D:5      | Killed Blork the orc
  6285 | D:5      | Found an oddly glowing altar of Pakellas.
  6292 | D:5      | Reached skill level 1 in Invocations
  6480 | D:5      | Found a burning altar of Makhleb.
  6629 | D:5      | Found a blossoming altar of Fedhas.
  6636 | D:5      | Goblin1989: сетку-то возьми
  6937 | D:6      | ololoev: нинужно!
  6998 | D:6      | ololoev: не
  6998 | D:6      | ololoev: как-то с окой не то
  6998 | D:6      | ololoev: он армор норм подарит
  6998 | D:6      | ololoev: придется думать
  6998 | D:6      | ololoev: армор носить или озокубу кастовать
  6998 | D:6      | ololoev: думать надо
  7169 | D:6      | Goblin1989: кстати, чего ты там орком-то лоханулся в волтах?
  7169 | D:6      | Reached skill level 8 in Polearms
  7170 | D:6      | ololoev: да хз, не помню уже
  7178 | D:6      | Reached * piety under Okawaru
  7178 | D:6      | Reached XP level 9. HP: 12/57 MP: 12/15
  7478 | D:6      | Noticed Dowan
  7492 | D:6      | Noticed Duvessa
  7508 | D:6      | Killed Duvessa
  7533 | D:6      | Killed Dowan
  7663 | D:6      | Gained mutation: You are dopey. (Int -2) [mutagenic meat]
  7666 | D:6      | Gained mutation: You have a pair of small antennae on your head. [mutagenic meat]
  7669 | D:6      | Gained mutation: You are somewhat resistant to further mutation. [mutagenic meat]
  7672 | D:6      | Lost mutation: You are somewhat resistant to further mutation. [mutagenic meat]
  7675 | D:6      | Gained mutation: You are somewhat resistant to further mutation. [mutagenic meat]
  7754 | D:6      | Reached skill level 9 in Polearms
  7819 | D:6      | Found a staircase to the Ecumenical Temple.
  7928 | D:6      | Goblin1989: что намутировал?
  7933 | D:6      | ololoev: херню всякую
  7933 | D:6      | ololoev: тупой, антенны
  7933 | D:6      | ololoev: стейбл, анстейбл, снова стейбл
  8133 | D:7      | Noticed Prince Ribbit
  8143 | D:7      | Reached skill level 5 in Spellcasting
  8174 | D:7      | Killed Prince Ribbit
  8180 | D:7      | Reached ** piety under Okawaru
  8180 | D:7      | Reached skill level 5 in Charms
  8453 | D:7      | Found a radiant altar of Vehumet.
  8486 | D:7      | Killed from afar by a hobgoblin

Dungeon Overview and Level Annotations

Branches:
Dungeon (7/15)             Temple (0/1) D:6

Altars:
Fedhas
Hepliaklqana
Makhleb
Okawaru
Pakellas
Vehumet

Annotations:
D:4 exclusions: slave and 1 more exclusion


Message History

You hit the ice beast.
The ice beast is severely wounded.
The ice beast barely misses you. The adder bites you but does no damage.
All of the chunks of flesh in your inventory have rotted away.
You closely miss the ice beast.
The ice beast is severely wounded.
The ice beast hits you but does no damage.
The adder misses you.
You hit the ice beast.
The ice beast is almost dead.
The adder bites you but does no damage.
The ice beast hits you but does no damage.
You closely miss the ice beast.
The ice beast is almost dead.
The adder closely misses you.
You hit the ice beast.
The ice beast is almost dead.
The ice beast misses you. The adder completely misses you.
You closely miss the ice beast.
The ice beast is almost dead.
The ice beast barely misses you. The adder closely misses you.
You puncture the ice beast!
You kill the ice beast!
Okawaru accepts your kill. The adder barely misses you.
The adder bites you but does no damage. The adder barely misses you.
The adder completely misses you.
Found a stone staircase leading up.
The adder closely misses you. The adder bites you.
Found 7 stones.
Found a stone staircase leading up.
A hound comes into view.
The adder bites you.
Found a radiant altar of Vehumet.
The adder bites you but does no damage.
You see here 7 stones.
You barely miss the adder. The adder closely misses you.
You hit the adder.
The adder is moderately wounded.
The adder bites you but does no damage.
You barely miss the adder.
The adder is moderately wounded.
The adder barely misses you.
A hobgoblin comes into view.
You puncture the adder!
You kill the adder!
Okawaru accepts your kill.
Your icy armour starts to melt.
The hobgoblin zaps a wand.
The puff of flame hits you!
Your icy armour melts away.
You resist.
It is a wand of flame.
Things that are here:
7 stones; an adder corpse The hobgoblin zaps a wand.
The puff of flame hits you! You resist.
The hobgoblin zaps a wand.
The puff of flame hits you! You resist.
The hobgoblin zaps a wand.
The puff of flame misses you.
The hound barks!
The hound bites you.
You closely miss the hound. The hound barely misses you.
You puncture the hound!
The hound is heavily wounded.
The hound bites you.
You barely miss the hound.
The hound is heavily wounded.
The hound barely misses you.
The hobgoblin zaps a wand.
The puff of flame misses you. The hound bites you but does no damage.
You closely miss the hound.
The hound is heavily wounded.
The hobgoblin barely misses you. The hound bites you.
You puncture the hound!
The hound is almost dead.
The hound misses you. The hobgoblin closely misses you.
You hit the hound.
You kill the hound!
Okawaru accepts your kill. The hobgoblin closely misses you.
The hobgoblin hits you.
The hobgoblin zaps a wand.
The puff of flame hits you! You resist.
You die...

You could see a hobgoblin.

Vanquished Creatures
  Prince Ribbit (D:7)
  The ghost of Rainbowgamer28 the Slicer, an amateur KoWn (D:4)
  A water moccasin (D:6)
  Duvessa (D:6)
  An orc warrior (D:7)
  An ice beast (D:7)
  A wasp (D:7)
  2 sky beasts
  A phantom (D:6)
  2 ogres (D:4)
  A giant frog (D:6)
  Blork the orc (D:5)
  Dowan (D:6)
  4 scorpions
  3 wights (D:7)
  A howler monkey (D:5)
  A crimson imp (D:5)
  A giant frog zombie (D:6)
  4 hounds
  5 orc priests
  9 orc wizards
  2 iguanas
  4 worker ants
  2 hound skeletons
  A hound zombie (D:7)
  5 gnolls
  A howler monkey skeleton (D:7)
  17 adders
  3 shadow imps (D:6)
  An ooze (D:1)
  An adder zombie (D:7)
  3 dart slugs
  4 worms
  9 giant geckos
  28 orcs
  5 giant cockroaches
  7 goblins
  3 hobgoblins
  11 jackals
  7 kobolds
  5 quokkas
  A ball python (D:6)
  13 bats
  A giant gecko skeleton (D:6)
  8 giant newts
  2 jackal skeletons
  6 rats
193 creatures vanquished.

Action                   |  1- 3 |  4- 6 |  7- 9 || total
-------------------------+-------+-------+-------++-------
Melee: Unarmed           |     2 |       |       ||     2
       Spear             |       |    72 |    95 ||   167
       Trident           |       |       |   333 ||   333
       Punch             |       |       |     1 ||     1
 Fire: Hunting sling     |       |    83 |    76 ||   159
Throw: Stone             |       |     1 |       ||     1
 Cast: Freeze            |    46 |    65 |    74 ||   185
       Ozocubu's Armour  |       |       |    13 ||    13
Invok: Heroism           |       |       |     3 ||     3
  Use: Potion            |       |       |    14 ||    14
       Scroll            |       |       |     7 ||     7
 Stab: Sleeping          |       |     1 |     8 ||     9
       Invisible         |       |       |     5 ||     5
  Eat: Chunk             |     1 |     9 |    23 ||    33
Armor: Robe              |    15 |    13 |       ||    28
       Leather armour    |       |       |   128 ||   128
       Skin              |       |       |    22 ||    22
Dodge: Dodged            |    54 |   102 |   259 ||   415

Vault maps used:
D:1:      nicolae_arrival_washed_ashore
D:3:      first_bread, minmay_three_crescents
D:4:      okawaru_gym_becter, overflow_temple_1_default,
          makhleb_heckhound_becter, uniq_pikel
D:5:      nicolae_overflow_crystal_walls, kennysheep_little_box, fedhas_altar_1,
          uniq_blork_the_orc
D:6:      kennysheep_cross_bottleneck, minmay_misc_feat_rugged, uniq_duvessa
D:7:      lemuel_coloured_pillars_altar, vehumet_altar_wand_db,
          uniq_prince_ribbit1, uniq_crazy_yiuf_cottage
